 Dungeon Crawl Stone Soup version 0.30-b1-2-g02819fbbbe (webtiles) character file.

Game seed: 10162004948830878717

2482 magipi the Charlatan (level 9, -4/54 HPs)
             Began as a Gargoyle Artificer on June 5, 2023.
             Slain by a boulder beetle (13 damage)
             ... on level 7 of the Dungeon.
             The game lasted 00:14:31 (4832 turns).

magipi the Charlatan (Gargoyle Artificer)           Turns: 4832, Time: 00:14:31

Health: -4/54      AC: 19    Str: 17    XL:     9   Next: 52%
Magic:  9/9        EV:  9    Int: 15    God:
Gold:   130        SH:  0    Dex: 10    Spells: 8/8 levels left

rFire   + . .        a - +4 war axe (elec)
rCold   . . .        (no shield)
rNeg    + . .        v - +2 scale mail {rF+}
rPois   ∞            B - +0 helmet
rElec   +            o - scarf {+Inv}
rCorr   .            x - +2 pair of gloves
SInv    .            (no boots)
Will    .....        (no amulet) Stlth
                     (no ring)
HPRegen 0.29/turn    (no ring)
MPRegen 0.11/turn

%: no passive effects
@: no status effects
A: sickness immunity, AC +6, negative energy resistance 1, electricity
resistance, torment resistance 1, petrification resistance
a: Evoke Invisibility


You were on level 7 of the Dungeon.
You visited 2 branches of the dungeon, and saw 8 of its levels.

You collected 357 gold pieces.
You spent 227 gold pieces at shops.

Inventory:

Hand Weapons
 a - a +4 war axe of electrocution (weapon)
   (You bought it in a shop on level 5 of the Dungeon)
 b - a +2 dagger of venom
   (You found it on level 2 of the Dungeon)
 y - a +4 dagger of draining
   (You took it off a goblin on level 3 of the Dungeon)
Missiles
 k - 6 curare-tipped darts
 A - 6 boomerangs (quivered)
Armour
 o - a scarf of invisibility (worn)
   (You found it on level 2 of the Dungeon)
 v - a +2 scale mail of fire resistance (worn)
   (You took it off Terence on level 3 of the Dungeon)
 x - a +2 pair of gloves (worn)
   (You found it on level 4 of the Dungeon)
 B - a +0 helmet (worn)
   (You found it on level 5 of the Dungeon)
Wands
 c - a wand of flame (6)
 d - a wand of charming (15)
 e - a wand of iceblast (3)
 t - a wand of acid (4)
   (You found it on level 3 of the Dungeon)
Scrolls
 f - 3 scrolls of torment {unknown}
 h - 4 scrolls of identify {unknown}
 m - 2 scrolls of enchant armour {unknown}
 n - 2 scrolls of enchant weapon {unknown}
 p - a scroll of vulnerability {unknown}
 q - 2 scrolls of teleportation {unknown}
 w - a scroll of silence {unknown}
 C - a scroll of brand weapon {unknown}
 F - a scroll of noise {unknown}
Potions
 g - a potion of berserk rage {unknown}
 i - a potion of degeneration {unknown}
 j - 4 potions of curing {unknown}
 l - 5 potions of heal wounds {unknown}
 r - a potion of flight {unknown}
 s - a potion of invisibility {unknown}
 u - 3 potions of attraction {unknown}
 z - 2 potions of ambrosia {unknown}
 D - a potion of haste {unknown}
 E - a potion of brilliance {unknown}


   Skills:
 - Level 5.0 Fighting
 - Level 1.9 Short Blades
 * Level 7.5 Axes
 - Level 2.1 Armour
 - Level 0.7 Dodging
 - Level 1.1 Stealth
 + Level 7.7 Evocations


You had 8 spell levels left.
You didn't know any spells.
Your spell library contained the following spells:

 Spells                   Type           Power      Damage    Failure   Level
 Ensorcelled Hibernation  Hex/Ice        0%         N/A       80%         2
 Gell's Gravitas          Tloc           0%         N/A       95%         3
 Hailstorm                Conj/Ice       0%         3d3       95%         3
 Spider Form              Tmut/Pois      0%         N/A       95%         3
 Teleport Other           Tloc           0%         N/A       95%         3
 Tukima's Dance           Hex            0%         N/A       95%         3
 Vhi's Electric Charge    Tloc/Air       0%         N/A       95%         3
 Anguish                  Hex/Necr       0%         N/A       100%        4
 Ice Form                 Ice/Tmut       0%         N/A       100%        4
 Passage of Golubria      Tloc           0%         N/A       100%        4
 Arcjolt                  Conj/Air       0%         1d10      100%        5
 Yara's Violent Unravell  Hex/Tmut       0%         3d3       100%        5
 Dispersal                Tloc           0%         N/A       100%        6
 Plasma Beam              Fire/Air       0%         2x1d11    100%        6
 Simulacrum               Ice/Necr       0%         N/A       100%        6


Dungeon Overview and Level Annotations

Branches:
Dungeon (7/15)             Temple (1/1) D:6

Altars:
Ashenzari
Dithmenos
Elyvilon
Fedhas
Gozag
Hepliaklqana
Kikubaaqudgha
Nemelex Xobeh
Okawaru
Ru
Sif Muna
Trog
Uskayaw
Vehumet
Wu Jian
Xom
Yredelemnul
Zin
The Shining One

Shops:
D:5 (   D:7 *

Annotations:
D:5 2 transporters, Gekot's ghost, novice GrFi


Innate Abilities, Weirdness & Mutations

You are immune to sickness and miasma.
Your stone body is resilient. (AC +6)
You are immune to poison.
You resist negative energy. (rN+)
You are resistant to electric shocks. (rElec)
You are resistant to unholy torment.
You are immune to petrification.


Message History

The two-headed ogre is severely wounded.
A boulder beetle comes into view.
The two-headed ogre hits you with a +0 giant spiked club!
The two-headed ogre barely misses you.
You barely miss the two-headed ogre.
The two-headed ogre is severely wounded.
The two-headed ogre hits you with a +0 giant spiked club!!
The two-headed ogre closely misses you.
Unknown command.
Aiming: Corrosive Bolt
Press: ? - help, Shift-Dir - straight line, f/p - two-headed ogre
Aim: a two-headed ogre, wielding a +0 giant spiked club and a +0 giant club (severely wounded, covered in acid, 88% to hit)
The bolt of acid hits the two-headed ogre!!
The two-headed ogre seems to be corroded for longer.
You kill the two-headed ogre!
Your Axes skill increases to level 7!
Found 10 gold pieces.
A black bear comes into view.
The black bear growls angrily.
The boulder beetle curls into a ball and begins rolling!
The boulder beetle attacks as you move away!
The boulder beetle hits you but does no damage.
The boulder beetle stops rolling and uncurls.
You hit the boulder beetle but do no damage.
The boulder beetle bites you! The boulder beetle closely misses you.
The black bear misses you. The black bear closely misses you.
The black bear claws you but does no damage.
You hit the boulder beetle but do no damage.
You hit the black bear. The boulder beetle bites you!
* * * LOW HITPOINT WARNING * * *
The black bear bites you but does no damage.
The black bear claws you but does no damage.
The black bear barely misses you.
Unknown command.
Unknown command.
You hit the boulder beetle but do no damage.
Lightning courses through the boulder beetle!
The boulder beetle is moderately wounded.
You closely miss the black bear. The boulder beetle bites you!
You die...

..........##.......)...#
#..#......##.†.........#
.#.##.....###.##.......#
... #......#...#.......#
...
..####...∩....##.$.###
#.#...#..# ##...########
#.##.##..######...#..[..
#......Bh#.............#
#......@.#.###.†...###..
#........#.#####_#####..
#.......)..###.)...###..
#...........†.....†....#
########.............###
#############># ###


You could see a boulder beetle and a black bear.

Vanquished Creatures
  A two-headed ogre (D:7)
  A troll (D:7)
  An ice beast (D:5)
  2 sky beasts (D:6)
  An orc warrior (D:7)
  2 centaurs (D:5)
  A phantom (D:5)
  2 bullfrogs
  3 scorpions
  A howler monkey (D:4)
  2 hounds
  4 orc priests
  3 jellies
  Terence (D:3)
  5 iguanas
  A sleepcap (D:5)
  2 orc wizards (D:6)
  9 gnolls
  7 adders
  3 white imps
  2 ufetubi
  A worm (D:2)
  2 dart slugs
  7 orcs
  3 bats
  4 endoplasms
  6 giant cockroaches
  8 goblins
  2 hobgoblins
  7 ball pythons
  2 frilled lizards
  6 kobolds
  2 rats (D:2)
104 creatures vanquished.

Notes
Turn   | Place    | Note
-------+----------+-------------------------------------------
     0 | D:1      | magipi the Gargoyle Artificer began the quest for the Orb.
     0 | D:1      | Reached XP level 1. HP: 12/12 MP: 1/1
    85 | D:1      | Reached XP level 2. HP: 11/17 MP: 2/2
   210 | D:1      | Reached XP level 3. HP: 8/22 MP: 3/3
   297 | D:1      | Found Miuqeur's General Store.
  1219 | D:3      | Reached XP level 4. HP: 24/28 MP: 4/4
  1246 | D:3      | Noticed Terence
  1519 | D:3      | Killed Terence
  1891 | D:4      | Reached XP level 5. HP: 30/32 MP: 5/5
  1906 | D:4      | Found a shimmering altar of Xom.
  2325 | D:4      | Reached skill level 1 in Short Blades
  2617 | D:5      | Entered Level 5 of the Dungeon
  2627 | D:5      | Reached XP level 6. HP: 27/38 MP: 6/6
  2647 | D:5      | Found a transporter.
  2748 | D:5      | Noticed a two-headed ogre
  2755 | D:5      | Noticed Gekot's ghost (novice GrFi)
  2757 | D:5      | Found Dougo's Antique Weapon Emporium.
  2762 | D:5      | Bought a runed war axe for 227 gold pieces
  2775 | D:5      | Found a transporter.
  2805 | D:5      | Noticed an ice beast
  2823 | D:5      | Killed an ice beast
  2824 | D:5      | Reached skill level 1 in Axes
  2824 | D:5      | Reached XP level 7. HP: 43/44 MP: 7/7
  2887 | D:5      | Reached skill level 5 in Fighting
  2887 | D:5      | Reached skill level 5 in Evocations
  3315 | D:6      | Reached XP level 8. HP: 46/49 MP: 8/8
  3500 | D:6      | Found a staircase to the Ecumenical Temple.
  3509 | Temple   | Entered the Ecumenical Temple
  4046 | D:6      | Found a shadowy altar of Dithmenos.
  4070 | D:6      | Reached skill level 5 in Axes
  4353 | D:6      | Found a sparkling altar of Nemelex Xobeh.
  4386 | D:6      | Found an iron altar of Okawaru.
  4701 | D:7      | Noticed a troll
  4709 | D:7      | Killed a troll
  4720 | D:7      | Found a broken altar of Ashenzari.
  4737 | D:7      | Reached XP level 9. HP: 54/54 MP: 9/9
  4768 | D:7      | Found Zuoreton's Gadget Gallery.
  4800 | D:7      | Noticed a two-headed ogre
  4813 | D:7      | Noticed a boulder beetle
  4816 | D:7      | Killed a two-headed ogre
  4832 | D:7      | Slain by a boulder beetle

Illustrated notes

Levels and vault maps discovered:
D:1:      eino_arrival_druids_welcome, layout_rooms, serial_shops,
          nicolae_shop_tiny_waterfront
D:2:      layout_basic
D:3:      layout_rooms, serial_rivers, chequers_serial_rivers_micro_d,
          chequers_serial_rivers_micro_a, chequers_serial_rivers_large_a,
          chequers_serial_rivers_micro_a, chequers_serial_rivers_micro_b,
          uniq_terence
D:4:      layout_loops_ring, marbit_many_paths
D:5:      layout_rooms, gammafunk_ghost_arena, serial_shops, shop
D:6:      layout_layer_cave, nemelex_spade_bored_becter,
          mainiacjoe_overflow_surrounded_room, mainiacjoe_overflow_chevrons,
          minmay_temple_entry_waves
D:7:      cheibrodos_fzero, layout_basic, lightli_temple_of_fire,
          cheibrodos_ashenzari_chains, ebering_ghost_disaster_area,
          nicolae_shop_gadgets, uniq_crazy_yiuf_cottage
Temple:   nicolae_temple_great_sept

Skill      XL: |  1  2  3  4  5  6  7  8  9 |
---------------+----------------------------+-----
Evocations     | 3 4 6 7 |  7.7
Fighting       | 2 3 4 5 |  5.0
Short Blades   | 1 |  1.9
Axes           | 1 3 6 7 |  7.5
Armour         | |  2.1
Dodging        | |  0.7
Stealth        | |  1.1

Action                     |  1- 3 |  4- 6 |  7- 9 || total
---------------------------+-------+-------+-------++-------
  Melee: Club              |    32 |       |       ||    32
         Hand axe          |    46 |       |       ||    46
         Dagger            |    40 |    97 |    48 ||   185
         Punch             |     1 |       |     6 ||     7
         War axe           |       |       |   111 ||   111
  Throw: Dart              |       |     2 |       ||     2
         Boomerang         |       |       |     4 ||     4
  Evoke: Wand              |     4 |     7 |     6 ||    17
   Stab: Sleeping          |     2 |       |       ||     2
 Armour: Leather armour    |    56 |    17 |       ||    73
         Scale mail        |       |    51 |   139 ||   190
  Dodge: Dodged            |   106 |    56 |    83 ||   245

Action                     |  1- 3 |  4- 6 |  7- 9 || total
---------------------------+-------+-------+-------++-------
  Melee: Club              |    32 |       |       ||    32
         Hand axe          |    46 |       |       ||    46
         Dagger            |    40 |    97 |    48 ||   185
         Punch             |     1 |       |     6 ||     7
         War axe           |       |       |   111 ||   111
  Throw: Dart              |       |     2 |       ||     2
         Boomerang         |       |       |     4 ||     4
  Evoke: Wand              |     4 |     7 |     6 ||    17
   Stab: Sleeping          |     2 |       |       ||     2
 Armour: Leather armour    |    56 |    17 |       ||    73
         Scale mail        |       |    51 |   139 ||   190
  Dodge: Dodged            |   106 |    56 |    83 ||   245
